 Dungeon Crawl Stone Soup version 0.29.1-4-g47bece8355 (webtiles) character file.

Game seed: 5674960262897416533

1757 ChadusMaximus the Summoner (level 8, -2/41 HPs)
             Began as a Deep Elf Summoner on Dec 5, 2022.
             Was an Initiate of Yredelemnul.
             Slain by a killer bee (7 damage)
             ... on level 5 of the Dungeon.
             The game lasted 00:17:07 (6645 turns).

ChadusMaximus the Summoner (Deep Elf Summoner)      Turns: 6645, Time: 00:17:08

Health: -2/41      AC:  6    Str:  5    XL:     8   Next: 79%
Magic:  9/21       EV: 12    Int: 29    God:    Yredelemnul [......]
Gold:   299        SH:  0    Dex: 15    Spells: 9/22 levels left

rFire   . . .      SeeInvis .   c - +0 sling (flame)
rCold   . . .      Faith    .   (no shield)
rNeg    . . .      Spirit   .   a - +0 robe
rPois   .          Reflect  .   (no helmet)
rElec   .          Harm     .   (no cloak)
rCorr   .          Rampage  .   (no gloves)
Will    .....                   (no boots)
Stlth   ++++......              (no amulet)
HPRegen 0.13/turn               k - +4 ring of protection
MPRegen 0.17/turn               s - +6 ring of intelligence

@: no status effects
A: no striking features
a: Renounce Religion, Recall Undead Harvest


You were on level 5 of the Dungeon.
You worshipped Yredelemnul.
Yredelemnul was noncommittal.
You visited 1 branch of the dungeon, and saw 5 of its levels.

You collected 299 gold pieces.

Inventory:

Hand Weapons
 b - the +2 sling "Qoin" {flame, rElec Dex+4}
   (You took it off an orc on level 4 of the Dungeon)

   Any ammunition fired from it burns those it strikes, dealing additional fire
   damage.
   Dex:       It affects your dexterity (+4).
   rElec:     It insulates you from electricity.
 c - a +0 sling of flaming (weapon)
 h - a +0 spear
 i - a +0 club
Missiles
 A - 21 stones
Armour
 a - a +0 robe (worn)
Jewellery
 k - a +4 ring of protection (left hand)
 s - a +6 ring of intelligence (right hand)
 z - a ring of protection from fire
Scrolls
 f - a scroll of fear {unknown}
 j - a scroll of amnesia {unknown}
 l - 3 scrolls of teleportation {unknown}
 n - 2 scrolls of noise {unknown}
 p - a scroll of immolation {unknown}
 t - 2 scrolls of poison {unknown}
 w - a scroll of enchant armour {unknown}
 y - a scroll of vulnerability {unknown}
 C - a scroll of magic mapping {unknown}
Potions
 d - 3 potions of flight
 e - a potion of degeneration {unknown}
 g - a potion of cancellation {unknown}
 m - a potion of invisibility {unknown}
 o - a potion of lignification {unknown}
 q - 2 potions of heal wounds {unknown}
 r - a potion of haste {unknown}
 u - 2 potions of curing
 v - a potion of brilliance {unknown}
 x - a potion of resistance {unknown}
 B - a potion of mutation {unknown}


   Skills:
 - Level 2.6 Dodging
 + Level 7.8 Stealth
 + Level 7.9 Spellcasting
 * Level 9.8 Summonings


You had 9 spell levels left.
You knew the following spells:

 Your Spells              Type           Power      Damage    Failure   Level
a - Summon Small Mammal   Summ           100%       N/A       1%          1
b - Call Canine Familiar  Summ           62%        N/A       1%          3
c - Summon Lightning Spi  Summ/Air       40%        N/A       6%          4
d - Call Imp              Summ           62%        N/A       1%          2
e - Summon Guardian Gole  Hex/Summ       40%        N/A       1%          3

Your spell library contained the following spells:

 Spells                   Type           Power      Damage    Failure   Level
 Ensorcelled Hibernation  Hex/Ice        22%        N/A       7%          2
 Gell's Gravitas          Tloc           11%        N/A       14%         3
 Lesser Beckoning         Tloc           11%        N/A       14%         3
 Spider Form              Tmut/Pois      11%        N/A       14%         3
 Teleport Other           Tloc           11%        N/A       14%         3
 Airstrike                Air            5%         2d(1-17)  43%         4
 Anguish                  Hex/Necr       5%         N/A       43%         4
 Olgreb's Toxic Radiance  Pois           11%        N/A       43%         4
 Lightning Bolt           Conj/Air       5%         1d17      78%         5
 Ozocubu's Refrigeration  Ice            5%         4d8       100%        7
 Ignition                 Fire           5%         3d4       100%        8


Dungeon Overview and Level Annotations

Branches:
Dungeon (5/15)
 Temple: D:4-7

Altars:
Qazlal
Sif Muna
Wu Jian
Xom
Yredelemnul

Shops:
D:3 (


Message History

Unknown command.
Casting: Summon Lightning Spire (quite dangerous; 6% risk of failure)
Confirm with . or Enter, or press ? or * to list all spells.
You feel very sick.
The killer bee stings your scorpion zombie.
The killer bee stings you but does no damage.
The killer bee misses you.
The killer bee stings your scorpion zombie.
The killer bee barely misses you.
The killer bee stings you but does no damage.
Your scorpion zombie hits the killer bee.
Unknown command.
Unknown command.
You feel very sick.
The killer bee closely misses your scorpion zombie.
The killer bee barely misses you.
The killer bee closely misses your scorpion zombie.
The killer bee stings you but does no damage.
The killer bee stings you.
You are lethally poisoned!
The killer bee poisons you!
Your scorpion zombie hits the killer bee.
Unknown command.
You feel better.
The killer bee stings your scorpion zombie.
Your scorpion zombie is destroyed!
The killer bee closely misses you. The killer bee misses you.
The killer bee barely misses you.
Your wolf closely misses the killer bee.
The killer bee closely misses you. x2; The killer bee stings you.
Your wolf barely misses the killer bee.
The killer bee stings you.
* * * LOW HITPOINT WARNING * * *
Your wolf bites the killer bee.
Your wolf barely misses the killer bee.
The killer bee attacks as you move away!
The killer bee stings you.
* * * LOW HITPOINT WARNING * * *
The killer bee stings you!
You die...
Your body rises from the dead as a mindless zombie.

## ## .. ..# .## #.
#/# .. ###> #.# .# ..
## #..> #.##.###...
...#.#.####.y@.......
...........y#...#...
#.#....###yy#...#...
#..........h8).....
###..#.#....#..##⌠#
#..#..§§§...##...#
#..#.#§.§.###≈..♣#
#..#.#§§.)##.....
#####..#.#.....##.~~≈


You could see 4 killer bees and a friendly wolf (summoned).

Vanquished Creatures
  An adder (D:3)
  2 goblins (D:1)
  2 ball pythons
5 creatures vanquished.

Vanquished Creatures (collateral kills)
  Pikel (D:4)
  Grinder (D:3)
  A black bear (D:3)
  A sky beast (D:3)
  3 lemures (D:4)
  2 scorpions (D:5)
  3 wights (D:4)
  3 jellies
  6 hounds
  2 orc priests (D:5)
  An iguana (D:4)
  An orc wizard (D:5)
  4 adders
  3 gnolls (D:5)
  2 worms (D:2)
  6 orcs
  10 bats
  7 endoplasms
  6 giant cockroaches
  3 goblins
  8 hobgoblins
  6 quokkas
  9 ball pythons
  3 frilled lizards
  10 kobolds
  5 rats
107 creatures vanquished.

Vanquished Creatures (others)
  A wight (D:4)
  A killer bee (D:5)
  A scorpion zombie (D:5)
  2 hound zombies (D:5)
  3 orc zombies (D:5)
  A jelly zombie (D:5)
  2 gnoll zombies (D:5)
11 creatures vanquished.

Grand Total: 123 creatures vanquished

Notes
Turn   | Place    | Note
-------+----------+-------------------------------------------
     0 | D:1      | ChadusMaximus the Deep Elf Summoner began the quest for the
                  | Orb.
     0 | D:1      | Reached XP level 1. HP: 10/10 MP: 6/6
   344 | D:1      | Reached XP level 2. HP: 15/15 MP: 6/8
  1942 | D:1      | Reached XP level 3. HP: 13/19 MP: 7/10
  1946 | D:1      | Learned a level 3 spell: Call Canine Familiar
  2624 | D:2      | Found a faded altar of an unknown god.
  2661 | D:2      | Reached skill level 5 in Summonings
  3262 | D:3      | Reached XP level 4. HP: 13/24 MP: 4/11
  3467 | D:3      | Found a shimmering blue altar of Sif Muna.
  3593 | D:3      | Found a stormy altar of Qazlal.
  3634 | D:3      | Found a transporter.
  3635 | D:3      | Found an ornate altar of the Wu Jian Council.
  3635 | D:3      | Noticed a sky beast
  3636 | D:3      | Found a transporter.
  3638 | D:3      | Found a basalt altar of Yredelemnul.
  3644 | D:3      | Noticed a black bear
  3787 | D:3      | Noticed Grinder
  3820 | D:3      | Paralysed by Grinder for 5 turns
  3832 | D:3      | Killed Grinder
  3833 | D:3      | Reached skill level 5 in Spellcasting
  3833 | D:3      | Reached skill level 6 in Summonings
  3833 | D:3      | Reached XP level 5. HP: 21/28 MP: 2/14
  3833 | D:3      | Reached XP level 6. HP: 24/32 MP: 2/15
  4022 | D:3      | Found Ettow's Antique Weapon Shop.
  4505 | D:3      | Learned a level 4 spell: Summon Lightning Spire
  4508 | D:3      | Learned a level 2 spell: Call Imp
  4512 | D:3      | Learned a level 3 spell: Summon Guardian Golem
  4695 | D:4      | Reached skill level 5 in Stealth
  4826 | D:4      | Identified the +2 sling "Qoin" {flame, rElec Dex+4}
  4832 | D:4      | Reached skill level 7 in Summonings
  4835 | D:4      | Reached XP level 7. HP: 10/36 MP: 14/17
  5286 | D:4      | Noticed Pikel
  5330 | D:4      | Killed Pikel
  5331 | D:4      | Reached skill level 8 in Summonings
  5331 | D:4      | Reached XP level 8. HP: 30/41 MP: 6/20
  6244 | D:3      | Reached skill level 9 in Summonings
  6288 | D:3      | Became a worshipper of Yredelemnul the Dark
  6325 | D:5      | Entered Level 5 of the Dungeon
  6374 | D:5      | Reached * piety under Yredelemnul
  6408 | D:5      | Found a shimmering altar of Xom.
  6408 | D:5      | Found a shimmering altar of Xom.
  6462 | D:5      | Found a shimmering altar of Xom.
  6472 | D:5      | Reached ** piety under Yredelemnul
  6645 | D:5      | Slain by a killer bee

Illustrated notes

Levels and vault maps discovered:
D:1:      enne_arrival_octagon_isle, layout_loops_corners, nrook_uturn,
          roderic_lattice_a, ebering_dispersal_statue_hall
D:2:      layout_loops_ring, chequers_ecumenical_altar_grove
D:3:      layout_loops_ring, gammafunk_temple_overflow_arena,
          mainiacjoe_overflow_24_doors, marbit_many_paths, serial_shops,
          nicolae_shop_hallway_stairs, minmay_misc_feat_square, uniq_grinder
D:4:      layout_rooms, grunt_ministairs_3, columned_hall_lemuel,
          kennysheep_cross_room, chequers_serial_rivers_micro_c,
          kennysheep_cross_bottleneck, uniq_pikel
D:5:      layout_basic, xom_redecorated, lemuel_temple_firewalk_a, uniq_duvessa

Skill      XL: |  1  2  3  4  5  6  7  8 |
---------------+-------------------------+-----
Stealth        | 3 4 5 6 7 |  7.8
Summonings     | 5 6 7 8 9 |  9.8
Spellcasting   | 5 6 7 |  7.9
Dodging        | |  2.6

Action                   |  1- 3 |  4- 6 |  7- 9 || total
-------------------------+-------+-------+-------++-------
Melee: Unarmed           |    10 |       |       ||    10
       Club              |    37 |     7 |       ||    44
 Fire: Sling             |       |       |     3 ||     3
 Cast: Summon Small Mamm |    62 |    22 |    16 ||   100
       Call Canine Famil |     8 |    23 |    13 ||    44
       Call Imp          |       |     2 |     7 ||     9
       Summon Guardian G |       |     2 |     3 ||     5
       Summon Lightning  |       |       |     7 ||     7
  Use: Potion            |       |     1 |     1 ||     2
       Scroll            |       |       |     2 ||     2
Armor: Robe              |    28 |    11 |    12 ||    51
       Skin              |       |     1 |       ||     1
Dodge: Dodged            |    96 |    20 |    26 ||   142
